 Dungeon Crawl Stone Soup version 0.17.0-28-g6e173f8 (webtiles) character file.

827 4thArraOfDagon the Cleaver (level 7, 0/64 HPs)
             Began as a Minotaur Berserker on Nov 26, 2015.
             Was a Believer of Trog.
             Succumbed to Sonja's poison
             ... on level 10 of the Dungeon.
             The game lasted 00:05:09 (579 turns).

4thArraOfDagon the Cleaver (Minotaur Berserker)      Turns: 579, Time: 00:05:10

Health: 0/64       AC:  9    Str: 27    XL:     7   Next: 64%
Magic:  6/6        EV:  9    Int:  6    God:    Trog [**....]
Gold:   31         SH:  0    Dex:  9    Spells: 0 memorised, 6 levels left

rFire  . . .     SeeInvis .     a - +0 hand axe
rCold  . . .     Clarity  .     d - +0 chain mail
rNeg   . . .     SustAt   .     (no shield)
rPois  .         Gourm    .     (helmet restricted)
rElec  .         Spirit   .     (no cloak)
rCorr  .         Warding  .     (no gloves)
rMut   .         Stasis   .     (no boots)
MR     ++...                    (no amulet)
Stlth  ..........               (no ring)
                                (no ring)

@: mighty, lethally poisoned (0 -> -30), exhausted, regenerating, slowed, very
slow, very resistant to hostile enchantments, extremely unstealthy
A: retaliatory headbutt, horns 2
a: Berserk, Trog's Hand, Burn Spellbooks, Renounce Religion


You were on level 10 of the Dungeon.
You worshipped Trog.
Trog was pleased with you.
You were near starving.

You visited 1 branch of the dungeon, and saw 8 of its levels.

You collected 31 gold pieces.

Inventory:

Hand Weapons
 a - a +0 hand axe (weapon)
Armour
 d - a +0 chain mail (worn)
Scrolls
 i - a scroll of fear {unknown}
 j - a scroll of teleportation {unknown}
 k - a scroll of blinking {unknown}
 m - a scroll of identify {unknown}
 o - a scroll of remove curse {unknown}
Comestibles
 c - 2 bread rations
 f - a meat ration
 g - a royal jelly
 h - 3 fruits
 l - a chunk of flesh


   Skills:
 + Level 6.3 Fighting
 * Level 8.3 Axes
 + Level 5.4 Armour
 - Level 2.1 Dodging


You had 6 spell levels left.
You didn't know any spells.

Dungeon Overview and Level Annotations

Branches:
Dungeon (10/15)
 Temple: D:4-7         Lair: D:8-11         Orc: D:9-12

Altars:
Qazlal

Annotations:
D:7 Dowan, Duvessa
D:10 Sonja


Innate Abilities, Weirdness & Mutations

You reflexively headbutt those who attack you in melee.
You have a pair of horns on your head.


Message History

Unknown command.
You closely miss Sonja.
Sonja is moderately wounded.
* * * LOW HITPOINT WARNING * * *
You feel extremely sick.
Sonja gestures wildly while chanting.
Sonja blinks!
Unknown command.
Unknown command.
Unknown command.
Unknown command.
Unknown command.
* * * LOW HITPOINT WARNING * * *
You feel extremely sick.
Unknown command.
Unknown command.
Unknown command.
You aren't carrying any potions.
You feel the effects of Trog's Hand fading.
You die...

#..........# #########
#.......>.## #........#
##..........ยง #........#
##.....(......
#........###..###(#..#...
#........#...............
#....(..$...(............
#....(..(###...##........
#.......@# #..(##........
#.....K..# ##[#########..
#........# ### ..
##########


You could see Sonja.

Vanquished Creatures
  Pikel (D:7)
  A necrophage (D:8)
  A phantom (D:4)
  4 slaves (D:7)
  A giant frog (D:8)
  An iguana (D:4)
  An orc wizard (D:3)
  A hound skeleton (D:7)
  2 adders (D:2)
  An ooze (D:2)
  2 adder skeletons (D:4)
  A worm (D:4)
  2 orcs (D:3)
  A bat (D:1)
  6 hobgoblins
  7 jackals
  4 kobolds
  A quokka (D:3)
  3 giant cockroaches
  A giant gecko skeleton (D:4)
  2 goblins
  5 rats
49 creatures vanquished.

Vanquished Creatures (others)
  A giant gecko (D:4)
1 creature vanquished.

Grand Total: 50 creatures vanquished

Notes
Turn   | Place    | Note
--------------------------------------------------------------
     0 | D:1      | 4thArraOfDagon the Minotaur Berserker began the quest for the Orb.
     0 | D:1      | Reached XP level 1. HP: 19/19 MP: 0/0
    38 | D:1      | Reached skill level 4 in Axes
    39 | D:1      | Reached XP level 2. HP: 20/27 MP: 1/1
   126 | D:2      | Reached ** piety under Trog
   128 | D:2      | Reached XP level 3. HP: 33/33 MP: 2/2
   227 | D:3      | Reached skill level 5 in Axes
   227 | D:3      | Reached XP level 4. HP: 40/40 MP: 3/3
   347 | D:4      | Noticed a phantom
   365 | D:4      | Killed a phantom
   365 | D:4      | Reached skill level 6 in Axes
   365 | D:4      | Reached XP level 5. HP: 47/47 MP: 4/4
   400 | D:4      | You fall through a shaft for 3 floors!
   400 | D:7      | Found a stormy altar of Qazlal.
   401 | D:7      | n1 shaft
   411 | D:7      | Noticed a slave
   411 | D:7      | Noticed a slave
   412 | D:7      | Noticed Pikel
   412 | D:7      | Noticed a slave
   412 | D:7      | Noticed a slave
   421 | D:7      | Reached skill level 5 in Fighting
   423 | D:7      | Killed a slave
   423 | D:7      | Killed a slave
   426 | D:7      | Killed a slave
   426 | D:7      | Killed a slave
   428 | D:7      | Killed Pikel
   428 | D:7      | Reached skill level 7 in Axes
   428 | D:7      | Reached skill level 5 in Armour
   428 | D:7      | Reached XP level 6. HP: 31/57 MP: 5/5
   428 | D:7      | Reached XP level 7. HP: 34/63 MP: 6/6
   450 | D:7      | Noticed a necrophage
   452 | D:7      | Noticed Dowan
   454 | D:7      | Noticed Duvessa
   458 | D:7      | Noticed a sky beast
   473 | D:8      | Reached skill level 8 in Axes
   476 | D:8      | Killed a necrophage
   499 | D:9      | Noticed a wyvern
   541 | D:10     | Entered Level 10 of the Dungeon
   542 | D:10     | Noticed Sonja
   544 | D:10     | misclick
   566 | D:10     | HP: 1/64 [poisoned by Sonja (curare-tipped needle)]
   579 | D:10     | Succumbed to Sonja's poison

Action                   |  1- 3 |  4- 6 |  7- 9 || total
-------------------------+-------+-------+-------++-------
Melee: Hand axe          |    31 |    45 |     9 ||    85
Invok: Berserk           |     2 |     2 |     2 ||     6
       Trog's Hand       |       |       |     4 ||     4
  Use: Potion            |       |       |     4 ||     4
  Eat: Chunk             |       |     2 |     2 ||     4
